 Dungeon Crawl Stone Soup version 0.31-a0-1458-g2f8d4710b4 (webtiles) character file.

Game seed: 9572294955808267050

345 Pixllover the Digger (level 6, 0/34 HPs)
             Began as a Gargoyle Earth Elementalist on Dec 28, 2023.
             Slain by a mummy (7 damage)
             ... in an ossuary.
             The game lasted 00:09:28 (2719 turns).

Pixllover the Digger (Gargoyle Earth Elementalist)  Turns: 2719, Time: 00:09:31

Health: 0/34       AC:  6    Str: 10 (12) XL:     6   Next: 58%
Magic:  6/10       EV: 12    Int: 14 (17) God:
Gold:   172        SH:  0    Dex:  9 (10) Spells: 9/10 levels left

rFire   . . .        j - +0 war axe
rCold   . . .        (no shield)
rNeg    + . .        a - +0 robe
rPois   ∞            (no helmet)
rElec   +            (no cloak)
rCorr   .            (no gloves)
SInv    .            (no boots)
Will    +....        h - amulet of regeneration
Stlth   ++           (no ring)
HPRegen 1.05/turn    (no ring)
MPRegen 0.12/turn

%: no passive effects
@: brilliant, about to teleport, marked, enlightened, flying, hasted, very quick
A: sickness immunity, AC +4, negative energy resistance 1, electricity
resistance, torment resistance 1, petrification resistance
a: no special abilities


You were in an ossuary.
You visited 1 branch of the dungeon, and saw 4 of its levels.
You also visited: Ossuary.

You collected 172 gold pieces.

Inventory:

Hand Weapons
 d - a +1 dagger of protection
 j - a +0 war axe (weapon)
Missiles
 n - 9 poisoned darts
Armour
 a - a +0 robe (worn)
Jewellery
 h - an amulet of regeneration (around neck)
 k - a ring of resist corrosion
 l - a +6 ring of dexterity
 q - a ring of willpower
Scrolls
 f - 3 scrolls of teleportation
 g - 2 scrolls of identify {unknown}
 i - a scroll of enchant weapon {unknown}
 o - a scroll of fear {unknown}
 p - a scroll of immolation {unknown}
Potions
 b - a potion of magic
 r - a potion of curing


   Skills:
 + Level 1.6 Fighting
 + Level 0.1 Short Blades
 + Level 3.0 Axes
 + Level 2.6 Dodging
 + Level 3.3 Stealth
 + Level 2.8 Spellcasting
 + Level 5.0 Earth Magic
 + Level 0.7 Alchemy


You had 9 spell levels left.
You knew the following spells:

 Your Spells              Type           Power      Damage    Failure   Level
a - Sandblast             Erth           48%        2d12      2%          1

Your spell library contained the following spells:

 Spells                   Type           Power      Damage    Failure   Level
 Passwall                 Erth           24%        N/A       9%          3
 Stone Arrow              Conj/Erth      26%        3d8       24%         3
 Petrify                  Alch/Erth      15%        N/A       54%         4
 Brom's Barrelling Bould  Conj/Erth      13%        2d4       61%         4


Dungeon Overview and Level Annotations

Branches:
Dungeon (4/15)             Temple (0/1) D:4         Ossuary (1/1)

Altars:
Dithmenos
Makhleb

Shops:
D:2 [

Annotations:
D:4 2 transporters


Innate Abilities, Weirdness & Mutations

You are immune to sickness and miasma.
Your stone body is resilient. (AC +4)
You are immune to poison.
You resist negative energy. (rN+)
You are resistant to electric shocks. (rElec)
You are resistant to unholy torment.
You are immune to petrification.


Message History

* * * LOW HITPOINT WARNING * * *
The mummy barely misses you. The gnoll zombie misses you.
Your Axes skill increases to level 3!
Your Earth Magic skill increases to level 5!
It was a potion of curing.
You feel better. The orc zombie hits you.
* * * LOW HITPOINT WARNING * * *
The weeping skull completely misses you.
The gnoll zombie misses you.
It was a potion of enlightenment.
You feel very buoyant.
You fly up into the air.
The weeping skull touches you but does no damage.
The gnoll zombie hits you but does no damage.
The orc zombie hits you but does no damage.
The mummy closely misses you. x2
It was a potion of haste.
You feel yourself speed up.
The gnoll zombie hits you but does no damage.
The weeping skull's misery overflows.
The wave of grief passes through you. You partially resist.
The gnoll zombie closely misses you.
The orc zombie hits you but does no damage.
The mummy barely misses you.
It was a potion of brilliance.
You feel clever all of a sudden. The weeping skull touches you.
* * * LOW HITPOINT WARNING * * *
The mummy closely misses you. The gnoll zombie barely misses you.
It was a potion of degeneration.
There was something very wrong with that liquid.
You feel weakened.
You feel dopey.
You feel clumsy.
The gnoll zombie hits you but does no damage.
The orc zombie completely misses you.
As you read the scroll labelled RAVVILEYNU, it crumbles to dust.
You feel strangely unstable.
It was a scroll of teleportation.
The weeping skull closely misses you. The gnoll zombie hits you.
* * * LOW HITPOINT WARNING * * *
The mummy hits you.
* * * LOW HITPOINT WARNING * * *
The mummy hits you!
You die...

#..8...'.#..#
#......'.#..#
...#.....####.○#
...............#
....#####...°..#
°8.. #..°...#
....#####......#
.....ZMZ°.....#
..#.☼ZM@####..#
#..○zZZ+ #..#
#.°8.○.+ #..#
#..°☼.## #..#
........ ...#
......... ...#
..#..#..# ..#
..#++#..#


You could see a weeping skull, 2 mummies, 3 gnoll zombies, an orc zombie and a
human zombie.

Vanquished Creatures
  An elf zombie (Ossuary)
  2 burial acolytes (Ossuary)
  2 centaur zombies (Ossuary)
  A gnoll bouda (D:4)
  An adder (D:2)
  3 gnolls (D:4)
  A worm (D:3)
  2 dart slugs
  2 ball pythons (D:3)
  2 endoplasms (D:1)
  3 giant cockroaches
  3 gnoll zombies (Ossuary)
  6 goblins
  3 hobgoblins
  4 jackals (D:3)
  3 kobolds
  4 quokkas
  7 bats
  3 frilled lizards
  An orc zombie (Ossuary)
  5 rats
59 creatures vanquished.

Notes
Turn   | Place    | Note
-------+----------+-------------------------------------------
     0 | D:1      | Pixllover the Gargoyle Earth Elementalist began the quest
                  | for the Orb.
     0 | D:1      | Reached XP level 1. HP: 10/10 MP: 3/3
   151 | D:1      | Reached skill level 4 in Earth Magic
   200 | D:1      | Reached XP level 2. HP: 15/15 MP: 3/5
   927 | D:2      | Reached XP level 3. HP: 14/19 MP: 2/6
  1087 | D:2      | Found a faded altar of an unknown god.
  1369 | D:2      | Found Nirovaf's Antique Armour Shoppe.
  1781 | D:3      | Reached XP level 4. HP: 22/24 MP: 7/7
  1873 | D:3      | Found a shadowy altar of Dithmenos.
  1873 | D:3      | Found a burning altar of Makhleb.
  2272 | D:4      | Found a transporter.
  2296 | D:4      | Found a transporter.
  2337 | D:4      | Reached skill level 1 in Axes
  2341 | D:4      | Reached skill level 1 in Fighting
  2341 | D:4      | Reached XP level 5. HP: 10/29 MP: 0/8
  2521 | D:4      | Found a staircase to the Ecumenical Temple.
  2582 | D:4      | Found a sand-covered staircase.
  2587 | Ossuary  | Entered an ossuary
  2587 | Ossuary  | Noticed a weeping skull
  2587 | Ossuary  | Noticed a weeping skull
  2587 | Ossuary  | Noticed a weeping skull
  2681 | Ossuary  | Reached XP level 6. HP: 33/34 MP: 10/10
  2714 | Ossuary  | Reached skill level 5 in Earth Magic
  2719 | Ossuary  | Slain by a mummy

Illustrated notes

Levels and vault maps discovered:
D:1:      dpeg_arrival_round_c, layout_loops_ring
D:2:      layout_rooms, nicolae_ecumenical_oubliette, serial_shops, shop
D:3:      layout_loops_ring, gammafunk_temple_overflow_wave,
          minmay_strange_pillars, kennysheep_donut
D:4:      gammafunk_wand_slinger, layout_basic,
          minmay_temple_entry_purple_smoke, enter_ossuary_2
Ossuary:  ossuary_kennysheep_city_of_the_dead

Skill      XL: |  1  2  3  4  5  6 |
---------------+-------------------+-----
Earth Magic    | 4 5 |  5.0
Axes           | 1 2 3 |  3.0
Dodging        | 2 |  2.6
Fighting       | 1 |  1.6
Stealth        | 3 |  3.3
Short Blades   | |  0.1
Spellcasting   | |  2.8
Alchemy        | |  0.7

Action                     |  1- 3 |  4- 6 || total
---------------------------+-------+-------++-------
  Melee: Unarmed           |     3 |       ||     3
         Dagger            |    38 |       ||    38
         Punch             |     1 |     3 ||     4
         War axe           |    63 |    78 ||   141
   Cast: Sandblast         |    21 |    16 ||    37
    Use: Potion            |       |     5 ||     5
         Scroll            |       |     1 ||     1
   Stab: Sleeping          |     3 |     1 ||     4
 Armour: Robe              |    77 |   130 ||   207
  Dodge: Dodged            |   104 |   136 ||   240

Table legend: (Time is in decaauts)
 A = Elapsed time spent in this place.
 B = Non-inter-level travel time spent in this place.
 C = Inter-level travel time spent in this place.
 D = Time resting spent in this place.
 E = Time spent auto-exploring this place.
 F = Levels seen in this place.
 G = Mean time per level.
                   A        B        C        D        E       F      G
               +--------+--------+--------+--------+--------+-----+--------+
         Total |   2801 |   2734 |     67 |     74 |   1705 |   5 |  560.2 |
       Dungeon |   2645 |   2578 |     67 |     74 |   1701 |   4 |  661.2 |
       Ossuary |    156 |    156 |      0 |      0 |      4 |   1 |  156.0 |
               +--------+--------+--------+--------+--------+-----+--------+

Top non-repeatable levels by time:
     D:1: 911 daAuts
     D:3: 889 daAuts
     D:2: 491 daAuts
     D:4: 353 daAuts
 Ossuary: 156 daAuts
